 Dungeon Crawl Stone Soup version 0.29.1-13-g9f3cf754e1 (webtiles) character file.

Game seed: 8217995379003025845

448 croobank the Conjurer (level 6, -2/69 HPs)
             Began as a Demonspawn Conjurer on Feb 5, 2023.
             Was an Initiate of Gozag.
             Slain by Duvessa
             ... wielding a +0 short sword
              (5 damage)
             ... on level 4 of the Dungeon.
             The game lasted 00:14:51 (7059 turns).

croobank the Conjurer (Demonspawn Conjurer)         Turns: 7059, Time: 00:14:52

Health: -2/69      AC: 23    Str:  7    XL:     6   Next: 73%
Magic:  2/10       EV:  2    Int: 22    God:    Gozag
Gold:   364        SH:  0    Dex: 11    Spells: 1/11 levels left

rFire   . . .      SeeInvis .   n - +1 war axe (drain)
rCold   . . .      Faith    .   (no shield)
rNeg    . . .      Spirit   .   (body armour currently unavailable)
rPois   +          Reflect  .   (helmet currently unavailable)
rElec   .          Harm     .   (cloak currently unavailable)
rCorr   .          Rampage  .   (gloves currently unavailable)
Will    .....      NoTele   +   (boots currently unavailable)
Stlth   ++........              (no amulet)
HPRegen 0.21/turn               (no ring)
MPRegen 0.12/turn               (no ring)

@: tree-form, attractive
A: stationary, stasis, torment immunity, boosted hp, (antennae 1), (spiny 1),
condensation shield, (weakness stinger 1)
a: Renounce Religion, Potion Petition, Call Merchant, Bribe Branch


You were on level 4 of the Dungeon.
You worshipped Gozag.
Gozag was aware of your devotion.
You were a tree.
You visited 2 branches of the dungeon, and saw 5 of its levels.
You also visited: Sewer.

You collected 407 gold pieces.
You paid 43 gold pieces to Gozag.

Inventory:

Hand Weapons
 a - a +0 dagger of speed
 d - a +0 trident
 g - a +0 flail
 n - a +1 war axe of draining (weapon)
 r - a +0 long sword
Missiles
 f - 6 poisoned darts (quivered)
 l - a throwing net
Armour
 h - a +0 robe (melded)
 j - a +0 pair of gloves (melded)
Magical Staves
 c - a staff of cold
Scrolls
 e - 2 scrolls of butterflies
 k - a scroll of poison
 o - a scroll of amnesia {unknown}
 q - 2 scrolls of summoning {unknown}
 s - a scroll of torment {unknown}
 t - a scroll of vulnerability {unknown}
 u - a scroll of magic mapping {unknown}
 v - a scroll of teleportation {unknown}
Potions
 b - a potion of magic
 i - 2 potions of curing
 w - 5 potions of flight


   Skills:
 + Level 2.4 Fighting
 * Level 1.4 Axes
 + Level 3.0 Dodging
 + Level 3.3 Stealth
 + Level 3.2 Spellcasting
 + Level 4.8 Conjurations
 + Level 2.1 Hexes


You had one spell level left.
You knew the following spells:

 Your Spells              Type           Power      Damage    Failure   Level
a - Magic Dart            Conj           96%        1d7       1%          1
b - Searing Ray           Conj           48%        2d6       2%          2
c - Dazzling Flash        Conj/Hex       36%        N/A       9%          3
d - Fulminant Prism       Conj/Hex       9%         3d7       28%         4

Your spell library contained the following spells:

 Spells                   Type           Power      Damage    Failure   Level
 Call Imp                 Summ           3%         N/A       19%         2
 Mephitic Cloud           Conj/Pois/Air  10%        N/A       19%         3
 Iskenderun's Mystic Bla  Conj/Tloc      14%        2d5       41%         4


Dungeon Overview and Level Annotations

Branches:
Dungeon (4/15)             Temple (1/1) D:4           Sewer (visited)

Altars:
Gozag
Qazlal

Shops:
D:3 !

Annotations:
D:4 Dowan, Duvessa


Innate Abilities, Weirdness & Mutations

You are a tree.
Your roots penetrate the ground, keeping you stationary.
You cannot be teleported.
You are immune to unholy pain and torment.
Your maximum health is greatly increased.
Your equipment is partially melded.
((You have a pair of small antennae on your head.))
((You are partially covered in sharp spines.))
A meltable shield of frost defends you. (SH +0)
((You have a small tail.))


Message History

Duvessa is moderately wounded.
Dowan says, "Stay away from my face!"
Duvessa barely misses you.
You barely miss Duvessa.
Duvessa is moderately wounded.
You hit Dowan. You drain Dowan. Dowan is struck by your spines.
Dowan misses you.
Duvessa says, "When magic and the sword combine, nothing stands against them."
Duvessa hits you but does no damage.
It was a potion of attraction.
You feel attractive to monsters. Duvessa is struck by your spines.
Duvessa hits you with a +0 short sword! Dowan is struck by your spines.
Dowan barely misses you.
It was a potion of lignification.
You turn into a tree.
Your +0 pair of gloves melds into your body.
Your +0 robe melds into your body.
Your roots penetrate the ground.
Duvessa hits you with a +0 short sword.
* * * LOW HITPOINT WARNING * * *
Dowan hits you but does no damage.
Okay, then.
You hit Duvessa but do no damage. You drain Duvessa.
Duvessa is moderately wounded.
You barely miss Dowan.
Duvessa gestures with her weapon.
Duvessa hits you with a +0 short sword.
* * * LOW HITPOINT WARNING * * *
Dowan gestures wildly while chanting.
Dowan blinks!
Dowan gestures wildly while chanting.
Dowan blinks!
Duvessa hits you but does no damage. Dowan is attracted toward you.
You hit Duvessa.
Duvessa is heavily wounded.
You closely miss Dowan.
Dowan points at you and mumbles some strange words.
The puff of frost hits you!
* * * LOW HITPOINT WARNING * * *
Duvessa hits you with a +0 short sword.
You die...
Your body crumbles into a pile of gold.

## # .# .. #e . .# ##.###. .#
. ... ###.#### #.#.. ......
#.#.####..#### ###
#.e.....+##~~###~#
############♣##..#~~~~~~'~#
#.........#.e.#..#~~~~~~'.# #
#.###'###....§...'##~~###~#.#
#.#.....#.......#..####.###.
#.#.⌠.⌠.#..§....##..........
#.+..>..'.......####.###....
###.⌠.⌠.#......## #.# #.# #
#.....#......#####<###)#
###+###..##.........)..####


You could see Duvessa (drained) and Dowan (empowered, very drained).

Vanquished Creatures
  Blork the orc (D:4)
  A bullfrog (D:2)
  An orc priest (D:3)
  An orc wizard (D:3)
  4 gnolls
  8 adders
  3 river rats (Sewer)
  7 worms
  3 orcs
  11 ball pythons
  9 bats
  5 endoplasms
  7 giant cockroaches
  5 goblins
  7 hobgoblins
  2 jackals (Sewer)
  12 kobolds
  9 quokkas
  5 frilled lizards
  5 rats
  A spectral goblin (D:1)
107 creatures vanquished.

Vanquished Creatures (others)
  A plant (D:1)
1 creature vanquished.

Grand Total: 108 creatures vanquished

Notes
Turn   | Place    | Note
-------+----------+-------------------------------------------
     0 | D:1      | croobank the Demonspawn Conjurer began the quest for the
                  | Orb.
     0 | D:1      | Reached XP level 1. HP: 13/13 MP: 3/3
   655 | D:1      | Gained mutation: You are partially covered in sharp spines.
                  | [demonic ancestry]
   655 | D:1      | Reached XP level 2. HP: 19/19 MP: 3/5
   703 | D:1      | Learned a level 2 spell: Searing Ray
   932 | D:1      | Discovered your monstrous ancestry.
   932 | D:1      | Gained mutation: You have a small tail. [demonic ancestry]
   932 | D:1      | Reached XP level 3. HP: 25/25 MP: 0/6
   940 | D:1      | Learned a level 3 spell: Dazzling Flash
  1278 | D:1      | Found a faded altar of an unknown god.
  2037 | D:2      | Reached skill level 1 in Fighting
  2430 | D:2      | Reached XP level 4. HP: 7/32 MP: 5/7
  3367 | D:3      | Noticed a bullfrog
  3376 | D:2      | Killed a bullfrog
  3377 | D:2      | Reached skill level 1 in Hexes
  3377 | D:2      | Gained mutation: You have a pair of small antennae on your
                  | head. [demonic ancestry]
  3377 | D:2      | Reached XP level 5. HP: 31/37 MP: 0/9
  3549 | D:3      | Found Guguisis's Distillery.
  3981 | D:3      | Found a stormy altar of Qazlal.
  4502 | D:4      | Found a staircase to the Ecumenical Temple.
  4514 | Temple   | Entered the Ecumenical Temple
  4558 | Temple   | Became a worshipper of Gozag Ym Sagoz the Greedy
  4580 | D:4      | Noticed Dowan
  4581 | D:4      | Noticed Duvessa
  4610 | D:4      | Found a glowing drain.
  4614 | Sewer    | Entered a sewer
  5016 | Sewer    | Gained mutation: A meltable shield of frost defends you.
                  | (SH +0) [demonic ancestry]
  5016 | Sewer    | Reached XP level 6. HP: 44/44 MP: 3/10
  6527 | D:4      | Noticed Blork the orc
  6544 | D:4      | Killed Blork the orc
  6545 | D:4      | Reached skill level 1 in Axes
  6825 | D:4      | Learned a level 4 spell: Fulminant Prism
  7059 | D:4      | HP: 3/69 [Dowan/puff of frost (12)]
  7059 | D:4      | Slain by Duvessa

Illustrated notes

Levels and vault maps discovered:
D:1:      sevenhm_arrival_forest_fort_small_6, layout_basic,
          dreamdust_ecumenical_altar_drowned_temple, serial_bayou_pond_b,
          roderic_roman_lattice
D:2:      layout_rooms
D:3:      layout_loops_ring, mainiacjoe_overflow_brackets, serial_shops,
          nicolae_shop_temple_entry_statues_fountains, eino_tiny_chamber
D:4:      layout_loops_ring, lemuel_mausoleum_altar_kikubaaqudgha,
          minmay_temple_entry_hall, gup_sewer_entry_bowl, uniq_duvessa,
          uniq_blork_the_orc
Temple:   nicolae_temple_figure_zero

Skill      XL: |  1  2  3  4  5  6 |
---------------+-------------------+-----
Stealth        | 2 3 |  3.3
Dodging        | 2 3 |  3.0
Fighting       | 1 2 |  2.4
Hexes          | 1 2 |  2.1
Spellcasting   | 3 |  3.2
Axes           | 1 |  1.4
Conjurations   | |  4.8

Action                   |  1- 3 |  4- 6 || total
-------------------------+-------+-------++-------
Melee: Unarmed           |    11 |       ||    11
       Punch             |     1 |       ||     1
       Dagger            |    16 |     1 ||    17
       Tailslap          |     2 |     3 ||     5
       War axe           |       |    24 ||    24
Throw: Dart              |     3 |       ||     3
 Cast: Magic Dart        |    46 |    46 ||    92
       Searing Ray       |    19 |    42 ||    61
       Dazzling Flash    |     1 |     1 ||     2
  Use: Potion            |     1 |     4 ||     5
       Scroll            |       |     7 ||     7
Armor: Robe              |    11 |    11 ||    22
       Skin              |       |     2 ||     2
Dodge: Dodged            |    25 |    34 ||    59
Block: Other             |       |     9 ||     9
